 Dungeon Crawl Stone Soup version 0.31.0-11-ge490571c62 (webtiles) character file.

Game seed: 3949692812018873558

65 Gadfly the Insei (level 3, 0/29 HPs)
             Began as a Demonspawn Monk on Feb 1, 2024.
             Slain by a gnoll
             ... wielding a +0 club
              (6 damage)
             ... on level 2 of the Dungeon.
             The game lasted 00:02:09 (1742 turns).

Gadfly the Insei (Demonspawn Monk)                  Turns: 1742, Time: 00:02:10

Health: 0/29       AC:  2    Str: 13    XL:     3   Next: 94%
Magic:  3/3        EV: 13    Int: 10    God:
Gold:   79         SH:  0    Dex: 15    Spells: 1/2 levels left

rFire   . .          .
                       - Unarmed
rCold   . . .        c - orb {light}
rNeg    . . .        a - +0 robe
rPois   .            (no helmet)
rElec   .            (no cloak)
rCorr   .            (no gloves)
SInv    .            (no boots)
Will    .....        (no amulet)
Stlth   +            (no ring)
HPRegen 0.24/turn    (no ring)
MPRegen 0.08/turn

%: no passive effects
@: confused, ambrosia-drunk, glowing
A: demonic touch 1
a: no special abilities


You were on level 2 of the Dungeon.
You visited 1 branch of the dungeon, and saw 2 of its levels.

You collected 79 gold pieces.

Inventory:

Hand Weapons
 b - a +2 whip of freezing
Armour
 a - a +0 robe (worn)
 c - an orb of light (worn)
Scrolls
 h - a scroll of fog {unknown}
 j - a scroll of teleportation {unknown}
 k - a scroll of vulnerability {unknown}
Potions
 d - a potion of berserk rage
 e - a potion of lignification
 f - a potion of mutation {unknown}
 g - a potion of might {unknown}


   Skills:
 - Level 3.0 Fighting
 + Level 3.0 Dodging
 * Level 3.3 Unarmed Combat
 * Level 1.5 Evocations
 * Level 1.3 Shapeshifting


You had one spell level left.
You knew the following spells:

 Your Spells              Type           Power      Damage    Failure   Level
a - Apportation           Tloc           0%         N/A       36%         1

Your spell library contained the following spells:

 Spells                   Type           Power      Damage    Failure   Level
 Martyr's Knell           Necr/Summ      0%         N/A       98%         4
 Spellforged Servitor     Conj/Summ      0%         N/A       100%        7
 Disjunction              Tloc           0%         N/A       100%        8


Dungeon Overview and Level Annotations

Branches:
Dungeon (2/15)

Altars:


Innate Abilities, Weirdness & Mutations

Your touch may inflict minor irresistible damage on your foes.


Message History

The gnoll misses you.
You hit the gnoll.
The gnoll is moderately wounded.
The gnoll misses you. The gnoll hits you with a +0 club.
You barely miss the gnoll.
The gnoll is moderately wounded.
The gnoll hits you from afar with a +0 spear.
The gnoll completely misses you.
You hit the gnoll.
The gnoll is severely wounded.
The gnoll closely misses you. x2
You hit the gnoll but do no damage.
The gnoll is severely wounded.
The gnoll hits you from afar with a +0 spear.
The gnoll hits you with a +0 club!
* * * LOW HITPOINT WARNING * * *
You are too injured to fight recklessly!
You are too injured to fight recklessly!
You are too injured to fight recklessly!
You are too injured to fight recklessly!
You are too injured to fight recklessly!
You are too injured to fight recklessly!
You are too injured to fight recklessly!
You are too injured to fight recklessly!
You are too injured to fight recklessly!
You are too injured to fight recklessly!
You are too injured to fight recklessly!
You are too injured to fight recklessly!
You are too injured to fight recklessly!
You are too injured to fight recklessly!
You are too injured to fight recklessly!
You are too injured to fight recklessly!
Unknown command.
The gnoll hits you with a +0 club.
* * * LOW HITPOINT WARNING * * *
There is a stone staircase leading up here.
Okay, then.
You are confused.
You feel invigorated. The gnoll hits you with a +0 club.
You die...

..........#.#....#####....#
..........#.#.#### #.##.######
#####.........# #.##.##...#
#<...........###### #....##...#
#..#.#..#.#.......#####..##...##
##..#....#....####.##....รท.......
#.....#.....#......###....##...##
#.###.####...##..#####.#####.....
#...#.# #......@###.....# #.....
###.#.# #.#..#.#g.......# #.....
#.#.# ##.......g.......# #.....
#...# ......#..g.......# ######
##### ###.#.#.........##
#...>.........# ###)..#.......#
#.###..(....# #. #########


You could see 2 gnolls and a hobgoblin.

Vanquished Creatures
  A gnoll (D:2)
  2 adders (D:2)
  2 ribbon worms (D:2)
  4 bats
  2 giant cockroaches
  A goblin (D:2)
  5 hobgoblins
  2 jackals (D:1)
  4 kobolds
  A quokka (D:2)
  A ball python (D:1)
  5 frilled lizards
  4 rats
34 creatures vanquished.

Notes
Turn   | Place    | Note
-------+----------+-------------------------------------------
     0 | D:1      | Gadfly the Demonspawn Monk began the quest for the Orb.
     0 | D:1      | Reached XP level 1. HP: 18/18 MP: 1/1
   123 | D:1      | Found a faded altar of an unknown god.
   348 | D:1      | Gained mutation: Your touch may inflict minor irresistible
                  | damage on your foes. [demonic ancestry]
   348 | D:1      | Reached XP level 2. HP: 24/24 MP: 2/2
   999 | D:2      | Reached skill level 1 in Evocations
   999 | D:2      | Reached skill level 1 in Shapeshifting
   999 | D:2      | Reached XP level 3. HP: 8/29 MP: 3/3
  1425 | D:2      | Got Ruextone's Secrets of Translocation and Rallying
  1444 | D:2      | Learned a level 1 spell: Apportation
  1742 | D:2      | Slain by a gnoll

Illustrated notes

Levels and vault maps discovered:
D:1:      ncdulo_halloftheorcs, layout_loops_corners,
          hellmonk_ecumenical_altar_heavens_door, chequers_serial_rivers_large_a
D:2:      layout_basic

Skill      XL: |  1  2  3 |
---------------+----------+-----
Unarmed Combat | 3 |  3.3
Evocations     | 1 |  1.5
Shapeshifting  | 1 |  1.3
Dodging        | 3 |  3.0
Fighting       | |  3.0

Action                     || total
---------------------------++-------
  Melee: Unarmed           ||   133
    Use: Scroll            ||     2
         Potion            ||     1
 Armour: Robe              ||    64
  Dodge: Dodged            ||    91
